Map: Orbital Shipyard

Players

Javert

  • Race: Zerg Zerg
  • League: Platinum

Kamall - Winner!

  • Race: Zerg Zerg
  • League: Grandmaster

VOD

Have the link to the VOD?

Description

Time

  • Played on: Aug. 12, 2015, 10 p.m.
  • Length: 6:18
Show
View Real Time Build Order
Export as new Build Order

Javert Zerg 

Build Orders: Pool First 

Get SALT Encoding   

  12  0:01  Drone  
  13  0:10  Drone  
  14  0:18  Extractor  
  14  0:19  Extractor  
  14  0:20  Drone  
  13  0:22  Drone  
  15  0:42  Spawning Pool  
  14  0:45  Overlord  
  14  0:53  Drone, Extractor  
  15  1:05  Drone x2  
  17  1:12  Drone  
  18  1:20  Drone  
  19  1:30  Roach Warren  
  19  1:31  Queen  
  20  1:38  Overlord  
  20  1:49  Overlord  
  20  2:08  Burrow  
  20  2:10  Roach x2  
  20  2:13  Roach  
  26  2:24  Roach  
  28  2:37  Roach  
  28  2:41  Overlord  
  28  2:42  Roach  
  28  2:43  Roach x2  
  36  2:49  Roach  
  38  3:01  Roach  
  40  3:16  Roach x2  
  40  3:18  Queen  
  46  3:24  Overlord  
  46  3:38  Hatchery  
  45  3:47  Overlord  
  45  3:53  Roach x4  
  45  3:54  Roach x2  
  41  4:11  Roach x7  
  41  4:20  Roach x5  
  49  4:25  Roach  
  49  4:38  Drone x2  
  39  4:50  Drone x3  
  38  5:04  Drone  
  32  5:14  Drone x4  
  32  5:17  Drone  
  32  5:18  Drone x2, Roach  
  39  5:23  Drone  
  40  5:39  Drone  
  40  5:40  Drone x7  
  48  5:49  Drone x4  
  52  5:52  Extractor  
  55  6:12  Evolution Chamber  
Show
View Real Time Build Order
Export as new Build Order

Kamall Zerg - Winner!

Build Orders: Hatch First 

Get SALT Encoding   

  12  0:01  Drone  
  13  0:10  Drone  
  14  0:17  Overlord  
  14  0:29  Drone, Extractor x2  
  14  0:30  Drone  
  16  0:35  Drone  
  17  0:44  Drone  
  18  0:57  Hatchery  
  18  1:01  Drone  
  18  1:08  Extractor  
  17  1:17  Drone, Spawning Pool  
  17  1:20  Drone  
  18  1:28  Drone  
  19  1:38  Drone  
  20  1:49  Drone  
  21  1:59  Overlord  
  21  2:09  Queen x2  
  21  2:11  Metabolic Boost  
  21  2:12  Zergling x4  
  27  2:21  Drone  
  28  2:23  Drone  
  29  2:31  Drone  
  29  2:34  Drone  
  31  2:40  Baneling Nest  
  31  2:42  Drone  
  31  2:45  Drone  
  32  2:52  Drone  
  32  2:56  Drone  
  34  3:05  Drone  
  34  3:06  Drone  
  35  3:17  Spine Crawler  
  35  3:19  Spine Crawler, Zergling x4  
  35  3:21  Overlord x2  
  35  3:25  Spine Crawler, Baneling x3  
  34  3:28  Overlord  
  34  3:29  Zergling x2  
  35  3:41  Zergling x2  
  35  3:42  Zergling x10  
  41  3:52  Zergling x2  
  41  3:53  Zergling x14  
  47  4:04  Drone  
  47  4:05  Drone  
  46  4:14  Drone  
  46  4:15  Drone  
  45  4:19  Drone  
  45  4:24  Spore Crawler  
  45  4:29  Drone x3  
  45  4:30  Drone x2  
  49  4:36  Overlord  
  44  4:43  Drone x2  
  44  4:44  Queen  
  47  4:50  Queen  
  49  4:58  Drone x2  
  51  5:04  Drone  
  50  5:17  Roach Warren, Drone x2, Extractor  
  50  5:19  Drone  
  51  5:22  Hatchery  
  51  5:28  Drone x2  
  52  5:37  Drone x5  
  52  5:42  Extractor x2  
  56  5:43  Baneling x3  
  56  5:44  Baneling  
  56  5:46  Overlord  
  55  5:50  Drone  
  56  5:58  Drone x2  
Tags
 
Add a new tag
Caveats
  • Supply blocks, unpowered buildings, or Contaminate may cause inaccurate times.
  • Supply counts are checked every 10 seconds.